[Event "NJSK 2018 Meisjes AB"]
[Site "Assen, Netherlands"]
[Date "2018.04.29"]
[Round "1.4"]
[White "De Boer, Marit"]
[Black "Martinez, Anna"]
[Result "0-1"]
[TimeControl "40/90m+30m+30sec/move"]
[WhiteElo "1446"]
[BlackElo "1795"]

1. d4 Nf6 2. c4 e6 3. Nc3 d5 4. e3 Bb4 5. Bd2 Nbd7 6. Nf3 O-O 7. Qc2 b6 8. Bd3 dxc4 9. Bxc4 Bb7 10.
a3 Be7 11. e4 c5 12. O-O cxd4 13. Nxd4 Rc8 14. Bd3 Ne5 15. Be3 Nxd3 16. Qxd3 e5 17. Rfd1 exd4 18. Qxd4 Qxd4 19. Bxd4 Rfd8 20.
Kf1 Nxe4 21. Nxe4 Bxe4 22. Bc3 Bd3+ 23. Ke1 Bg5 24. f3 Re8+ 25. Kf2 Be3+ 26. Kg3 Rcd8 27. h3 h5 28. h4 Rd7 29.
Re1 Re6 30. Rad1 Rg6+ 31. Kh2 Bf4 32. Kh1 Bf5 33. Rxd7 Bxd7 34. Re4 Bg3 35. Be1 Bxe1 36. Rxe1 Rd6 37. Re2 Kf8 38. Kh2 g6 39.
Kg3 Re6 40. Rc2 Rc6 41. Re2 Be6 42. Kf4 Rc4+ 43. Kg3 Ke7 44. f4 Kf6 0-1

[Event "NJSK 2018 Meisjes AB"]
[Site "Assen, Netherlands"]
[Date "2018.04.29"]
[Round "1.7"]
[White "Waardenburg, Marlinde"]
[Black "Heskes, Ebba"]
[Result "1-0"]
[TimeControl "40/90m+30m+30sec/move"]
[WhiteElo "1686"]
[BlackElo "1266"]

1. e4 e5 2. Nf3 Nc6 3. Bb5 d6 4.
c3 Bd7 5. Ba4 Nf6 6. d3 Be7 7. O-O O-O 8. h3 h6 9. Re1 a6 10. Nbd2 b5 11. Bc2 Be6 12. d4 exd4 13. Nxd4 Ne5 14.
f4 Nc4 15. Nxe6 fxe6 16. Nxc4 bxc4 17. Qe2 d5 18. e5 Nd7 19. b4 c6 20. Qg4 Qb6+ 21. Kh1 c5 22. Qg6 Nf6 23. exf6 Bxf6 24.
bxc5 Qc6 25. Bd2 d4 26. cxd4 Bxd4 27. Rxe6 Qd7 28. Rae1 Bf6 29. Qh7+ Kf7 30. Bg6# 1-0

[Event "NJSK 2018 Meisjes AB"]
[Site "Assen, Netherlands"]
[Date "2018.04.30"]
[Round "2.6"]
[White "Heskes, Ebba"]
[Black "Tiggelman, Laura"]
[Result "0-1"]
[TimeControl "40/90m+30m+30sec/move"]
[WhiteElo "1266"]
[BlackElo "1536"]

1. e4 c5 2. Nf3 d6 3. d4 cxd4 4. Nxd4 Nf6 5. Nc3 g6 6. Bc4 Bg7 7. O-O O-O 8. h3 Nc6 9. Nf3 Bd7 10.
Bd2 Rc8 11. Bb3 b5 12. Re1 Qb6 13. Bg5 Rfe8 14. Qd2 a5 15. a4 bxa4 16. Nxa4 Qc7 17. c3 Red8 18. Bh6 Rb8 19. Bxg7 Kxg7 20.
Qc2 Qb7 21. Bc4 Ne5 22. Nxe5 dxe5 23. Nc5 Qb6 24. Nd3 Qc7 25. Bb3 Bc6 26. Nc5 Qb6 27. Nd3 Qxb3 28. Qxb3 Rxb3 29. Nxe5 Bxe4 30.
Rxa5 Rxb2 31. c4 Rdd2 32. Rf1 Bf5 33. c5 Ne4 34. Nc4 Ra2 35. Nxd2 Rxa5 36. Nxe4 Bxe4 37. Re1 Bc6 38. Rxe7 Rxc5 39.
Kh2 Rc2 40. Kg3 Rc3+ 41. f3 Kf6 42. Ra7 Bb5 43. Rb7 Bd3 44. Ra7 Rc2 45. Ra1 h5 46. h4 Ke6 47. Rd1 Bc4 48. Re1+ Re2 49.
Rc1 Bd5 50. Rc8 Kf5 51. Rc5 Rd2 52. Rb5 f6 53. Kh3 Rd3 54. Kg3 g5 55. hxg5 fxg5 56. Ra5 Rd4 57. Rb5 h4+ 58. Kf2 Kf4 59.
Rxd5 Rxd5 60. g3+ hxg3+ 61. Kg2 Rd2+ 62. Kh3 Rh2 0-1

[Event "NJSK 2018 Meisjes AB"]
[Site "Assen, Netherlands"]
[Date "2018.04.30"]
[Round "2.7"]
[White "Adema, Marrit"]
[Black "De Boer, Marit"]
[Result "1-0"]
[TimeControl "40/90m+30m+30sec/move"]
[WhiteElo "1497"]
[BlackElo "1446"]

1. d4 d5 2. c4 c6 3. Nf3 Nf6 4. e3 Bf5 5. Nc3 e6 6.
Nh4 Bg6 7. Be2 Bd6 8. O-O Nbd7 9. Bd2 O-O 10. Nxg6 fxg6 11. Qc2 Qb8 12. h3 Re8 13. Rab1 a5 14. a3 Qc7 15. c5 Be7 16.
b4 axb4 17. axb4 e5 18. b5 Kh8 19. Ra1 Bf8 20. Rfe1 Ng8 21. Ra4 Rec8 22. Rea1 Qd8 23. Qb3 Ngf6 24. Ra7 Rcb8 25. R1a4 Qc8 26.
Qa2 Rxa7 27. Rxa7 Kg8 28. Qa4 e4 29. Na2 Qc7 30. Nb4 cxb5 31. Bxb5 Qc8 32. Nxd5 Qd8 33. Nxf6+ Nxf6 34. Ba5 Qc8 35.
Bc4+ Kh8 36. Qb3 Ra8 37. Rxb7 Rxa5 38. Rb8 Ra1+ 39. Bf1 Ra3 40. Rxc8 Rxb3 41. Rxf8 Ng8 42. Bc4 1-0

[Event "NJSK 2018 Meisjes AB"]
[Site "Assen, Netherlands"]
[Date "2018.05.01"]
[Round "3.7"]
[White "De Boer, Marit"]
[Black "Heskes, Ebba"]
[Result "1-0"]
[TimeControl "40/90m+30m+30sec/move"]
[WhiteElo "1446"]
[BlackElo "1266"]

1. d4 d5 2. Bf4 Nc6 3. e3 Nf6 4. Nf3 a6 5. c4 Bg4 6. Nc3 e6 7. a3 Bd6 8. Bg3 O-O 9. Bd3 b6 10.
O-O Ne7 11. Qc2 Bxf3 12. gxf3 dxc4 13. Bxc4 c5 14. dxc5 Bxc5 15. Rfd1 Qc8 16. Qe2 b5 17. Bb3 Qc6 18. Rd2 Ned5 19.
Nxd5 exd5 20. Rc1 Rac8 21. Rdc2 Qb6 22. Be5 Nd7 23. Bd4 Rc7 24. Rc3 Qg6+ 25. Kh1 Rfc8 26. Rg1 Qe6 27. Rxg7+ Kf8 28. Bxc5+ Kxg7 29. Bd4+ Kf8 30.
Qd2 Qh3 31. Qd1 Rxc3 32. bxc3 Qf5 33. Bxd5 Ke7 34. Be4 Qh5 35. Qb3 Rg8 36. Qb4+ Ke8 37. Qb1 Qh3 38. f4 Rg4 39. Bb7 a5 40.
Qxb5 Rh4 41. Kg1 Qxh2+ 42. Kf1 Qh3+ 43. Ke1 Qe6 44. Bc6 Ke7 45. Bxd7 Qxd7 46. Bf6+ Ke6 47. Qxd7+ Kxd7 48. Bxh4 a4 49.
Kd2 Kd6 50. Kd3 Kd5 51. e4+ Kc5 52. Be7+ Kc6 53. Kd4 Kd7 54. Bg5 Kd6 55. e5+ Ke6 56. c4 h5 57. c5 Kd7 58. Kd5 Kc7 59.
f5 Kd7 60. e6+ fxe6+ 61. fxe6+ Kc7 62. e7 Kd7 63. c6+ Ke8 64. c7 Kd7 65. c8=Q+ Kxc8 66. e8=Q+ Kb7 67. Qc6+ Ka7 68. Be3+ Kb8 69.
Bb6 h4 70. Qc7+ Ka8 71. Qa7# 1-0

[Event "NJSK 2018 Meisjes AB"]
[Site "Assen, Netherlands"]
[Date "2018.05.02"]
[Round "4.1"]
[White "Duson, Robin"]
[Black "Martinez, Anna"]
[Result "1/2-1/2"]
[TimeControl "40/90m+30m+30sec/move"]
[WhiteElo "1920"]
[BlackElo "1795"]

1. e4 c5 2. Nf3 a6 3. c4 Nc6 4. d4 cxd4 5. Nxd4 e6 6. Nc3 Bb4 7. Nxc6 bxc6 8. Qd4 Qf6 9. e5 Qe7 10.
Be3 c5 11. Qd2 f6 12. f4 Bb7 13. a3 Ba5 14. Qf2 Rc8 15. Be2 Nh6 16. O-O O-O 17. Na4 fxe5 18. Nxc5 Ba8 19. b4 exf4 20.
Bxf4 Bb6 21. Rad1 e5 22. Qe3 Rxc5 23. Bxh6 Rxf1+ 24. Kxf1 Qf7+ 25. Qf2 Qxf2+ 26. Kxf2 Rxc4+ 27. Be3 Rf4+ 28.
Bf3 e4 29. Bxb6 exf3 30. g3 Rf7 31. Rd6 Bc6 32. Be3 Rf5 33. h4 a5 34. Bb6 axb4 35. axb4 Re5 36. Rd2 Kf7 37. Bc5 Ke6 38.
Bd4 Rd5 39. Ke3 g6 40. Bg7 Rf5 41. Bh6 Re5+ 42. Kf2 Re4 43. Bf8 Rc4 44. Rb2 d6 1/2-1/2

[Event "NJSK 2018 Meisjes AB"]
[Site "Assen, Netherlands"]
[Date "2018.05.02"]
[Round "4.2"]
[White "Den Dunnen, Lola"]
[Black "Warnaar, Alisha"]
[Result "1-0"]
[TimeControl "40/90m+30m+30sec/move"]
[WhiteElo "1912"]
[BlackElo "1647"]

1. d4 Nf6 2. c4 g6 3. Nc3 Bg7 4. e4 d6 5. h3 O-O 6. Be3 c5 7. d5 e6 8. Nf3 exd5 9. exd5 b5 10.
Nxb5 Ne4 11. Qc2 Re8 12. Rc1 Qa5+ 13. Nc3 Bf5 14. Bd3 Ng3 15. Rg1 Bh6 16. Kd2 Bxd3 17. Kxd3 Na6 18. a3 Bxe3 19.
fxe3 Re7 20. Qa4 Qb6 21. Qb5 Rae8 22. Rge1 Nc7 23. Qxb6 axb6 24. e4 f6 25. h4 h6 26. b4 Ra8 27.
Ra1 Kf7 28. bxc5 bxc5 29. Nb5 Nxb5 30. cxb5 Ra4 31. Nd2 f5 32. exf5 Nxf5 33. Rxe7+ Kxe7 34. Nc4 Kd8 35. b6 Ne7 36.
Rb1 Ra8 37. b7 Rb8 38. Nxd6 Kc7 39. Nb5+ Kxb7 40. Nd6+ Kc7 41. Rxb8 Kxb8 42. Kc4 g5 43. hxg5 hxg5 44. Kxc5 1-0

[Event "NJSK 2018 Meisjes AB"]
[Site "Assen, Netherlands"]
[Date "2018.05.02"]
[Round "4.6"]
[White "Verhoeff, Timardi"]
[Black "De Boer, Marit"]
[Result "1-0"]
[TimeControl "40/90m+30m+30sec/move"]
[WhiteElo "1911"]
[BlackElo "1446"]

1. c4 e5 2. g3 Nf6 3. Bg2 c6 4. d4 e4 5. Nc3 d5 6. Bg5 Be7 7. e3 h6 8. Bxf6 Bxf6 9. cxd5 cxd5 10.
Qb3 Qa5 11. Qxd5 Qxd5 12. Nxd5 Kd8 13. Nxf6 gxf6 14. Bxe4 Nd7 15. Ne2 Rb8 16. Bf5 b6 17. O-O Ba6 18. Rfe1 Rg8 19. Nc3 Rg5 20.
e4 h5 21. h4 Rg8 22. Nd5 Bb7 23. Bxd7 Bxd5 24. Bh3 Be6 25. Bxe6 fxe6 26. d5 e5 27. Rac1 Ke7 28. Rc7+ Kd6 29.
Rec1 1-0

[Event "NJSK 2018 Meisjes AB"]
[Site "Assen, Netherlands"]
[Date "2018.05.02"]
[Round "4.7"]
[White "Monteny, Pascalle"]
[Black "Heskes, Ebba"]
[Result "0-1"]
[TimeControl "40/90m+30m+30sec/move"]
[WhiteElo "1446"]
[BlackElo "1266"]

1. e4 e5 2. Nf3 Nc6 3. d4 exd4 4. Bc4 h6 5. Nxd4 Ne5 6. Bb3 Nf6 7. Nc3 Bb4 8. Qe2 Bxc3+ 9. bxc3 O-O 10.
O-O d6 11. Bb2 Re8 12. Rae1 Ng6 13. f3 c5 14. Nb5 a6 15. Na3 b5 16. c4 b4 17. Nb1 a5 18. Ba4 Re6 19. Qd2 Bb7 20.
Rd1 Nh5 21. g3 Qe7 22. Qd3 Qg5 23. Bc1 Ngf4 24. Bxf4 Nxf4 25. Qd2 Nh3+ 26. Kg2 Qxd2+ 27. Nxd2 Ng5 28. h4 Nh7 29. Nb3 Nf6 30.
Rd2 g5 31. hxg5 hxg5 32. g4 Ba6 33. Bb5 Bxb5 34. cxb5 a4 35. Nc1 Rb8 36. Rfd1 Ne8 37. Ne2 Rxb5 38. Rd5 Re5 39. Ng3 Rxd5 40.
Rxd5 f6 41. Nf5 Rb6 42. Ne3 Kf7 43. Nc4 Ra6 44. Kf2 Ke6 45. Ke2 Nc7 46. Rd3 d5 47. Nd2 d4 48. Nb1 Nb5 49. Kd1 Nc3+ 50.
Nxc3 dxc3 51. Kc1 Rd6 52. Re3 Ke5 53. Re1 c4 54. Kb1 Rd2 55. Kc1 b3 56. cxb3 cxb3 57. axb3 a3 58. Kb1 a2+ 59.
Ka1 Kd4 60. b4 Kc4 61. b5 Kb3 62. b6 c2 63. Re3+ Kc4 64. Re1 Rd1+ 65. Kxa2 c1=Q 66. Rxd1 Qxd1 67. b7 Qb3+ 68. Ka1 Kc3 69.
b8=Q Qxb8 70. e5 Qb2# 0-1

[Event "NJSK 2018 Meisjes AB"]
[Site "Assen, Netherlands"]
[Date "2018.05.03"]
[Round "5.2"]
[White "Den Dunnen, Lola"]
[Black "Duson, Robin"]
[Result "0-1"]
[TimeControl "40/90m+30m+30sec/move"]
[WhiteElo "1912"]
[BlackElo "1920"]

1. d4 Nf6 2. c4 e6 3. Nc3 Bb4 4. e3 O-O 5. Nge2 d5 6. a3 Bd6 7. cxd5 exd5 8. Ng3 Re8 9. Bd3 b6 10.
b4 c6 11. O-O Nbd7 12. Qc2 Bb7 13. e4 dxe4 14. Ngxe4 Bc7 15. Bg5 h6 16. Be3 Nxe4 17. Bxe4 Nf6 18. Bf3 Qd7 19. g3 Bd6 20.
Rfd1 Rac8 21. Qd3 Bb8 22. Bg2 Rcd8 23. Rac1 Re7 24. b5 cxb5 25. Bxb7 Qxb7 26. Qxb5 Qf3 27. Qe2 Qxe2 28. Nxe2 Nd5 29.
Rd3 Rde8 30. Nf4 Bxf4 31. Bxf4 Re1+ 32. Rxe1 Rxe1+ 33. Kg2 Nxf4+ 34. gxf4 Kf8 35. d5 Ke7 36. Kf3 Kd6 37. h4 f5 38.
Rc3 Re7 39. Rd3 h5 40. Kg2 g6 41. Rg3 Rg7 42. Rd3 Rf7 43.
Kf1 Rf6 44. Ke2 Kc5 45. Kd2 Rd6 46. Kc3 Rxd5 47. Rg3 Rd6 48. Rg1 Re6 49. Kb3 b5 50. Rc1+ Kb6 51. Rg1 a6 52. Rg3 Kc5 53.
Rg1 Kd6 54. Kb4 Ke7 55. Ka5 Kf7 56. Rc1 Re4 57. Kxa6 Ra4+ 58. Kxb5 Rxa3 59. Rc7+ Kf6 60. Rc6+ Kg7 61. Rc7+ Kh6 62.
Kc5 Ra4 63. Kd5 Rxf4 64. Ke5 Rxh4 65. Kf6 Ra4 66. f4 Ra6+ 67. Kf7 h4 68. Rc1 Kh5 69. Rg1 h3 70. Re1 Kg4 71. Rh1 Kg3 0-1

[Event "NJSK 2018 Meisjes AB"]
[Site "Assen, Netherlands"]
[Date "2018.05.03"]
[Round "5.5"]
[White "Heskes, Ebba"]
[Black "Naber, Quirine"]
[Result "0-1"]
[TimeControl "40/90m+30m+30sec/move"]
[WhiteElo "1266"]
[BlackElo "1775"]

1. e4 e5 2. Nf3 Nc6 3. Bc4 Nf6 4. d3 Bc5 5. O-O h6 6. Nc3 d6 7. h3 g5 8. Nh2 Bd7 9. a3 Ne7 10.
Qf3 Ng6 11. Be3 Nh4 12. Qe2 Bb6 13. Rad1 Rg8 14. Nd5 Ng6 15. Qf3 Nf4 16. Bxf4 gxf4 17. c3 Nxd5 18. Bxd5 c6 19. Bb3 Qh4 20.
Kh1 Rg7 21. d4 O-O-O 22. d5 c5 23. Bc4 Rdg8 24. Rg1 Bd8 25. b4 cxb4 26. cxb4 Bb6 27. Rdf1 Kb8 28. Be2 Bd4 29. b5 f5 30.
Bd3 fxe4 31. Bxe4 Bxb5 32. Rb1 Ba6 33. Qb3 Qxf2 34. Qa4 Be2 35. Ng4 Bxg4 36. hxg4 Qh4 0-1

[Event "NJSK 2018 Meisjes AB"]
[Site "Assen, Netherlands"]
[Date "2018.05.03"]
[Round "5.7"]
[White "De Boer, Marit"]
[Black "Monteny, Pascalle"]
[Result "1-0"]
[TimeControl "40/90m+30m+30sec/move"]
[WhiteElo "1446"]
[BlackElo "1446"]

1. c4 e5 2. g3 Nc6 3. Bg2 d6 4. Nc3 f5 5. b3 Nf6 6. e3 Be7 7. Nge2 O-O 8. O-O Be6 9. Bb2 d5 10.
d3 Qd7 11. a3 Rad8 12. Rc1 dxc4 13. dxc4 Qe8 14. Qc2 Qh5 15. Nb5 Rd7 16. Rfd1 Rfd8 17. Rxd7 Rxd7 18. Bxc6 bxc6 19. Nxa7 Ng4 20. h4 c5 21. Kg2 g5 22.
Nc3 gxh4 23. Rh1 Qg6 24. Kf3 hxg3 25. fxg3 Bg5 26. Bc1 e4+ 27.
Ke2 Rd3 28. Nd1 Qf6 29. Qb2 Qd8 30. Qc2 Qd6 31. Rh3 Qe7 32. a4 Bf7 33. a5 Qe6 34. Nb5 Qc6 35. Qa2 Qa6 36. Nxc7 Qa7 37.
a6 Rd8 38. Qa5 Rc8 39. Nb5 Qa8 40. a7 Bd8 41. Qa6 Rc6 42. Qa1 Bf6 43. Bb2 Bxb2 44. Nxb2 Ne5 45. Qa5 Rc8 46. Nc7 Qb7 47. a8=Q Rxa8 48. Qxa8+ Qxa8 49.
Nxa8 Nd7 50. Na4 h5 51. N8b6 Ne5 52. Nxc5 Nc6 53. Nd5 Kf8 54. b4 Bxd5 55. cxd5 Nxb4 56. Rxh5 Nxd5 57. Rxf5+ Ke7 58.
Rxd5 Kf6 59. g4 Kg6 60. Kf2 Kf6 61. Kg3 Kg6 62. Kf4 Kf6 63. Rd6+ Ke7 64. Ke5 Kf7 65. Kf5 Ke7 66. Rd7+ Kf8 67.
Ke6 Ke8 68. Kf6 Kf8 69. Rd8# 1-0

[Event "NJSK 2018 Meisjes AB"]
[Site "Assen, Netherlands"]
[Date "2018.05.04"]
[Round "6.1"]
[White "Adema, Marrit"]
[Black "Duson, Robin"]
[Result "0-1"]
[TimeControl "40/90m+30m+30sec/move"]
[WhiteElo "1497"]
[BlackElo "1920"]

1. d4 Nf6 2. c4 e6 3. Nc3 Bb4 4. e3 O-O 5. Bd3 d5 6. Nge2 dxc4 7. Bxc4 e5 8. Qc2 exd4 9. Nxd4 c5 10.
Nf3 Nc6 11. O-O Bxc3 12. Qxc3 Bf5 13. a3 Ne4 14. Qe1 Na5 15. Ba2 Qb6 16. b4 Nc6 17. Rb1 cxb4 18. axb4 Nd6 19. Rb2 Bd3 20.
Qc3 Bxf1 21. Kxf1 Rac8 22. Qd3 Qb5 0-1

[Event "NJSK 2018 Meisjes AB"]
[Site "Assen, Netherlands"]
[Date "2018.05.04"]
[Round "6.3"]
[White "Waardenburg, Feline"]
[Black "Den Dunnen, Lola"]
[Result "0-1"]
[TimeControl "40/90m+30m+30sec/move"]
[WhiteElo "1737"]
[BlackElo "1912"]

1. d4 Nf6 2. c4 e6 3. Nc3 Bb4 4. Bd2 c5 5. a3 Bxc3 6. Bxc3 Ne4 7. Qc2 Nxc3 8. Qxc3 cxd4 9. Qxd4 O-O 10.
Nf3 d6 11. e3 Nc6 12. Qc3 Qe7 13. Be2 b6 14. O-O Bb7 15. Rfd1 Rfd8 16. Nd2 Ne5 17. f4 Ng6 18. Rf1 f5 19.
Nf3 e5 20. Rad1 exf4 21. Nd4 Qg5 22. Bf3 Bxf3 23. Nxf3 Qg4 24. exf4 Nxf4 25. Qc2 Re8 26. Rd2 Re4 27. c5 bxc5 28.
Qb3+ c4 29. Qc2 d5 30. Nd4 Rxd4 31. Rxd4 Ne2+ 32. Kh1 Nxd4 33. Qc3 Re8 34. h3 Qe4 35. Rd1 Ne2 36. Qa5 d4 37. Qxa7 Nf4 0-1

[Event "NJSK 2018 Meisjes AB"]
[Site "Assen, Netherlands"]
[Date "2018.05.04"]
[Round "6.4"]
[White "Verhoeff, Timardi"]
[Black "Waardenburg, Marlinde"]
[Result "1-0"]
[TimeControl "40/90m+30m+30sec/move"]
[WhiteElo "1911"]
[BlackElo "1686"]

1. c4 e5 2. g3 Nc6 3. Bg2 f5 4.
e3 Nf6 5. Nc3 d5 6. d4 e4 7. a3 dxc4 8. Qa4 Be6 9. f3 Bd5 10. fxe4 Nxe4 11. Nxe4 fxe4 12. Ne2 Qd7 13. Nf4 g5 14.
Nxd5 Qxd5 15. Qc2 O-O-O 16. Bxe4 Nxd4 17. exd4 Re8 18. O-O Qxd4+ 19. Qf2 Qxf2+ 20. Kxf2 Rxe4 21. Bxg5 Bc5+ 22. Kg2 Re2+ 23.
Kh3 Bd4 24. Bc1 Rhe8 25. Rd1 Bxb2 26. Bxb2 Rxb2 27. Rac1 Ree2 28. Rxc4 Rxh2 29. Kg4 Rhd2 30. Rh1 Rd7 31. Rf4 b6 32.
Rf8+ Kb7 33. Rh8 Rg7+ 34. Kf4 Rb3 35. g4 Rxa3 36. Rh4 Ra4+ 37. Kf5 Rf7+ 38. Kg5 Rg7+ 39. Kf5 a5 40. R8xh7 Rxh7 41.
Rxh7 Rd4 42. g5 Rd5+ 43. Kf6 Rd6+ 44. Kf5 Rd5+ 45. Kf6 b5 46. g6 Rd6+ 47. Kf7 Rxg6 48. Kxg6 Kb6 49. Kf5 c6 50.
Ke4 Kc5 51. Rh1 a4 52. Kd3 b4 53. Rh5+ Kb6 54. Kc4 b3 55. Kb4 b2 56. Rh1 c5+ 57. Kxa4 Kc6 58. Kb3 Kd5 59. Kxb2 Kd4 60.
Kc2 c4 61. Rh4+ 1-0

[Event "NJSK 2018 Meisjes AB"]
[Site "Assen, Netherlands"]
[Date "2018.05.04"]
[Round "6.5"]
[White "De Boer, Marit"]
[Black "Woest, Imre"]
[Result "1/2-1/2"]
[TimeControl "40/90m+30m+30sec/move"]
[WhiteElo "1446"]
[BlackElo "1418"]

1. c4 e5 2. g3 Nf6 3. Bg2 c6 4. Nc3 Bc5 5. e3 d5 6. d3 O-O 7. Nge2 a6 8. a3 d4 9. Ne4 Nxe4 10.
Bxe4 dxe3 11. Bxe3 Bxe3 12. fxe3 Qb6 13. Qc1 Bh3 14. Ng1 Be6 15. h3 f5 16. Bg2 Nd7 17. Ne2 Nc5 18. Qc2 Rad8 19.
Rd1 Nb3 20. Rf1 g5 21. Qc3 Bc8 22. d4 exd4 23. Nxd4 Nxd4 24. Rxd4 Qc7 25. Kf2 Rde8 26. Rd3 h5 27. Bf3 g4 28.
Bg2 Kh7 29. h4 c5 1/2-1/2

[Event "NJSK 2018 Meisjes AB"]
[Site "Assen, Netherlands"]
[Date "2018.05.04"]
[Round "6.6"]
[White "Warnaar, Alisha"]
[Black "Heskes, Ebba"]
[Result "1-0"]
[TimeControl "40/90m+30m+30sec/move"]
[WhiteElo "1647"]
[BlackElo "1266"]

1. e4 e5 2. Nf3 Nc6 3. c3 Nf6 4.
d4 d5 5.
exd5 Qxd5 6. dxe5 Qxd1+ 7. Kxd1 Ne4 8. Be3 Bg4 9. Be2 Be7 10. h3 Bh5 11. Ke1 O-O 12. Nd4 Nxd4 13. Bxd4 Bg6 14.
Rg1 Rfe8 15. f3 Bh4+ 16. Kd1 Nf2+ 17. Kc1 Bg5+ 18. Nd2 Rad8 19. Rf1 c5 20. Rxf2 cxd4 21. f4 dxc3 22. bxc3 Bh4 23.
Rf1 f6 24. Bc4+ Bf7 25. Bb5 Re7 26. Nf3 Bg3 27. Nd4 fxe5 28. fxe5 Bxe5 29. Rd1 Rc8 30. Kb2 a6 31. Bd3 b5 32.
Rac1 b4 33. Ne2 bxc3+ 34. Kc2 1-0

[Event "NJSK 2018 Meisjes AB"]
[Site "Assen, Netherlands"]
[Date "2018.05.05"]
[Round "7.1"]
[White "Duson, Robin"]
[Black "Naber, Quirine"]
[Result "1-0"]
[TimeControl "40/90m+30m+30sec/move"]
[WhiteElo "1920"]
[BlackElo "1775"]

1. e4 e5 2. Nf3 Nc6 3. Bc4 Bc5 4. c3 Nf6 5. d3 d6 6. O-O Bg4 7. Nbd2 Qe7 8. b4 Bb6 9. h3 Bd7 10.
Re1 O-O 11. Nf1 Be6 12. Bb3 h6 13. Ng3 a5 14. b5 Na7 15. a4 c6 16. bxc6 Nxc6 17. Nh4 Qc7 18. Rb1 Ba7 19. Qf3 Ne7 20.
Bxh6 Qxc3 21. Rec1 Qd4 22. Rc7 Bxb3 23. Rxb3 Nc6 24. Rbxb7 Nd8 25. Be3 Qa1+ 26. Rc1 Qa3 27. Re7 Bxe3 28.
Qxe3 Qxa4 29. Ngf5 Ne6 30. Nh6+ gxh6 31. Qxh6 Nxe4 32. dxe4 Qxe4 33. Rxe6 fxe6 34. Ng6 1-0

[Event "NJSK 2018 Meisjes AB"]
[Site "Assen, Netherlands"]
[Date "2018.05.05"]
[Round "7.3"]
[White "Den Dunnen, Lola"]
[Black "Verhoeff, Timardi"]
[Result "1-0"]
[TimeControl "40/90m+30m+30sec/move"]
[WhiteElo "1912"]
[BlackElo "1911"]

1. d4 e6 2. c4 f5 3. Nc3 Nf6 4. Nf3 d5 5. cxd5 exd5 6. Bg5 Be7 7. Ne5 c6 8. e3 O-O 9. Bd3 Ne4 10.
Bxe7 Qxe7 11. O-O Nd7 12. f4 Rf6 13. Bxe4 fxe4 14. Qe2 Nxe5 15. dxe5 Rh6 16. Qf2 Bd7 17. Rab1 Rf8 18. Qd2 Qh4 19.
g3 Qh5 20. Rf2 Bg4 21. Ne2 Qh3 22. Qe1 Bf3 23. Qf1 Qg4 24. Rxf3 Qxf3 25. Qxf3 exf3 26. Nd4 f2+ 27. Kxf2 Rxh2+ 28. Kf3 c5 29. Ne6 Rc8 30. f5 c4 31. Nd4 a6 32. a4 g6 33. g4 Rh3+ 34. Kf4 Kf7 35. e6+ Ke7 36. Re1 Rg8 37.
Ke5 gxf5 38. gxf5 Rh5 39. Kxd5 Rd8+ 40. Ke5 Rg8 41. Rc1 Rc8 42. Rg1 Rc5+ 43. Kf4 Kf6 44. e4 Rh4+ 45. Rg4 Rh2 46.
Nf3 Rf2 47. Rg8 b5 48. Rf8+ Kg7 49. e7 1-0

[Event "NJSK 2018 Meisjes AB"]
[Site "Assen, Netherlands"]
[Date "2018.05.05"]
[Round "7.5"]
[White "Heskes, Ebba"]
[Black "Waardenburg, Feline"]
[Result "0-1"]
[TimeControl "40/90m+30m+30sec/move"]
[WhiteElo "1266"]
[BlackElo "1737"]

1. e4 c6 2. Nc3 d5 3. exd5 cxd5 4. d4 Bf5 5. Nf3 e6 6. Bb5+ Nc6 7. Ne5 Rc8 8. O-O Bd6 9. Nf3 Nge7 10.
a3 O-O 11. Re1 a6 12. Bd3 b5 13. Bg5 Qc7 14. Bxe7 Nxe7 15. Ne5 Bg6 16. Bxg6 hxg6 17. Re3 Nf5 18. Rh3 Bxe5 19. dxe5 Qxe5 20.
Qd2 Rc4 21. Qg5 Qf6 22. Qxf6 gxf6 23. Rf3 Nd4 24. Rxf6 Nxc2 25. Rd1 Rfc8 26. h3 Kg7 27. Rf3 Nd4 28. Rfd3 Nf5 29. R3d2 R8c6 30.
g3 d4 31. Ne2 e5 32. b3 Rc2 33. Rxc2 Rxc2 34. Nc1 e4 35. g4 Nh4 36. Kf1 Nf3 37. Kg2 f5 38. gxf5 gxf5 39. b4 Ne5 40.
Kf1 d3 41. Nb3 Kf6 42. h4 f4 43. Nc5 Kf5 44. h5 d2 45. Nb3 Rc3 46. Nxd2 Rxa3 47. Re1 e3 48. fxe3 fxe3 49. Nb1 Rb3 50.
Ke2 Nd3 51. Rh1 Nf4+ 52. Kf3 Kg5 53. h6 Ng6 54. h7 Nh8 55. Kg3 Rxb4 56. Nc3 Rb3 57. Ne2 a5 58. Kf3 a4 59. Nd4 Rb2 60.
Kxe3 a3 61. Kd3 a2 62. Nc2 Rb1 63. Rh2 Rb2 64. Rh1 Rb1 65. Rh2 b4 66. Rg2+ Kh6 67. Rh2 Kg7 68. Rg2+ Kxh7 69. Rh2 Kg7 70.
Na1 Rxa1 71. Rb2 Rd1+ 72. Kd4 0-1

[Event "NJSK 2018 Meisjes AB"]
[Site "Assen, Netherlands"]
[Date "2018.05.05"]
[Round "7.6"]
[White "Tiggelman, Laura"]
[Black "De Boer, Marit"]
[Result "1-0"]
[TimeControl "40/90m+30m+30sec/move"]
[WhiteElo "1536"]
[BlackElo "1446"]

1. e4 c6 2. d4 d5 3. e5 Bf5 4. Nc3 e6 5. g4 Bg6 6. Nge2 Nd7 7. h4 f6 8. h5 Bf7 9. f4 Be7 10.
Ng3 a6 11. Qe2 fxe5 12. dxe5 Qc7 13. Be3 c5 14. Bf2 Bd8 15. O-O-O Ne7 16. Qd2 Qc6 17. Bg2 Ba5 18. Qd3 b5 19.
g5 O-O-O 20. Nce2 Qc7 21. Be1 Bb6 22. Qf3 b4 23. Rd3 a5 24. a3 c4 25. Rd1 Bc5 26. axb4 axb4 27. Nd4 Qb6 28.
Bf2 Kc7 29. Rhf1 Rb8 30. Nde2 Rb7 31. Bxc5 Nxc5 32. Kd2 Ra8 33. Ke1 Ra2 34. Rb1 Rba7 35. f5 exf5 36. Nxf5 Nxf5 37. Qxf5 Bxh5 38.
Qxh7 Qg6 39. Qxg6 Bxg6 40. Nd4 Kd7 41. Bh3+ Ke8 42. Bf5 Bh5 43. Kd2 g6 44. Bh3 Ne4+ 45. Ke3 Nxg5 46. Bg2 Rd7 47.
Kf4 Nh7 48. e6 Rd6 49. Ke5 Raa6 50. Ra1 Nf8 51. Rxa6 Rxa6 52. Bxd5 Ra5 53. Nc6 Ra2 54. e7 Nd7+ 55. Kd6 Bg4 56.
Bf7# 1-0